 Dungeon Crawl Stone Soup version 0.31.0-1-g2c135a008e (webtiles) character file.

Game seed: 11702410500140645145

154 qw the Shooter (level 5, -2/40 HPs)
             Began as a Djinni Hunter on Jan 23, 2024.
             Slain by a gnoll
             ... wielding a +0 spear
              (3 damage)
             ... on level 3 of the Dungeon.
             The game lasted 00:00:16 (2156 turns).

qw the Shooter (Djinni Hunter)                      Turns: 2156, Time: 00:00:17

Health: -2/40      AC:  6    Str: 10    XL:     5   Next: 63%
Gold:   185        EV: 11    Int: 10    God:
                   SH:  0    Dex: 19

rFire   + + .        a - +1 shortbow
rCold   x . .        (shield currently unavailable)
rNeg    . . .        b - +0 ring mail
rPois   inf          (no helmet)
rElec   .            (no cloak)
rCorr   .            d - +0 pair of gloves
SInv    .            (boots unavailable)
Will    .....        (no amulet)
Stlth   +            (no ring)
HPRegen 0.26/turn    (no ring)
MPRegen 0.00/turn

%: infuse magic (-3 HP)
@: about to teleport, flying
A: sickness immunity, fire resistance 2, cold vulnerability 1, float, innate
caster, HP casting, extra vitality 1
a: no special abilities


You were on level 3 of the Dungeon.
You visited 1 branch of the dungeon, and saw 3 of its levels.

You collected 185 gold pieces.


Innate Abilities, Weirdness & Mutations

You are immune to sickness and miasma.
You are immune to poison.
Your flesh is very heat resistant. (rF++)
You are vulnerable to cold. (rC-)
You float through the air rather than walking.
You learn spells naturally, not from books.
Your magical power is your life essence.
You have superior vitality. (+4 MHP)


   Skills:
 - Level 3.0 Fighting
 + Level 4.5 Ranged Weapons
 - Level 1.0 Armour
 - Level 3.1 Dodging
 - Level 0.7 Stealth


You knew the following spells:

 Your Spells              Type           Power      Damage    Failure   Level
a - Freeze                Ice            0%         1d3       67%         1
b - Blink                 Tloc           0%         N/A       82%         2
Your spell library was empty.

Inventory:

Hand Weapons
 a - a +1 shortbow (weapon)
Armour
 b - a +0 ring mail (worn)
 d - a +0 pair of gloves (worn)
Wands
 h - a wand of flame (27)
Potions
 e - a potion of degeneration {unknown}
 f - 2 potions of curing
 k - a potion of enlightenment {unknown}

Dungeon Overview and Level Annotations

Branches:
Dungeon (3/15)

Altars:
Nemelex Xobeh

Annotations:
D:3 2 runed translucent doors, qw's ghost, amateur DjHu


Message History

The hobgoblin hits you with a +0 club. x2; The gnoll completely misses you.
The hobgoblin hits you.
You shoot an arrow. The arrow hits the hobgoblin.
You kill the hobgoblin!
The hobgoblin hits you.
The gnoll hits you from afar with a +0 spear.
You shoot an arrow. The arrow hits the gnoll.
The gnoll is moderately wounded.
The gnoll hits you but does no damage.
The hobgoblin hits you but does no damage.
The gnoll misses you.
A goblin comes into view. It is wielding a +0 sling.
You shoot an arrow. The arrow barely misses the gnoll.
The arrow closely misses the goblin.
The goblin shouts!
The gnoll hits you with a +0 flail. The gnoll closely misses you.
The gnoll completely misses you.
The gnoll hits you from afar with a +0 spear.
The hobgoblin hits you but does no damage.
The goblin unwields a +0 sling.
The goblin barely misses you. The hobgoblin hits you with a +0 club.
2154 ||| READING scroll of teleportation.
As you read the scroll of teleportation, it crumbles to dust.
You feel strangely unstable. The gnoll hits you with a +0 flail.
The hobgoblin barely misses you.
The gnoll hits you but does no damage. x2
The hobgoblin hits you with a +0 club. The goblin hits you but does no damage.
You shoot an arrow.
The arrow hits the gnoll but does no damage.
The gnoll is moderately wounded.
The gnoll barely misses you. The hobgoblin barely misses you.
The gnoll hits you but does no damage. The gnoll closely misses you.
The hobgoblin hits you with a +0 club. The goblin barely misses you.
You shoot an arrow.
The arrow hits the gnoll but does no damage.
The gnoll is moderately wounded.
The gnoll hits you with a +0 flail.
The hobgoblin hits you but does no damage.
The gnoll hits you from afar with a +0 spear.
You die...

##############################
####~~~~~~~~~~~~~~~~~~~~~~~~~~~~~
~~~~~~~~~~~~~~~~~~~~~~~~~~~~~~~~~
###~~~~~~~~~~~~~~~~~~~~~~~~~~~~~~
###############################
.........#)..... #....# .
.........)...... #....# .
........)#########....###
#####.g@.......#......#.
#.ggg......'......'.
g########gg........#...)..#.
........g...#########....###
..?.))).....'.... #).).#..
............#.... #....#..
#########################''####
###~~~~~~~~~~~~~~~~~~~~~~~....~~~
~~~~~~~~~~~~~~~~~~~~~~~~~.....~~~


You could see 3 gnolls, 2 hobgoblins and 2 goblins.

Vanquished Creatures
  2 adders (D:3)
  2 gnolls (D:3)
  A ribbon worm (D:2)
  6 ball pythons
  5 endoplasms
  35 goblins
  20 hobgoblins
  8 kobolds
  2 quokkas
  9 bats
  3 frilled lizards (D:2)
  10 rats
103 creatures vanquished.

Notes
Turn   | Place    | Note
-------+----------+-------------------------------------------
     0 | D:1      | qw the Djinni Hunter began the quest for the Orb.
     0 | D:1      | Reached XP level 1. HP: 18/18 MP: 0/0
     0 | D:1      | 0 ||| qw: Version: 0.3-a-136-gdd3b4e8
     0 | D:1      | 0 ||| qw: Game counter: 1135
     0 | D:1      | 0 ||| qw: Melee chars always use a shield: true
     0 | D:1      | 0 ||| qw: God list: Okawaru
     0 | D:1      | 0 ||| qw: Allow faded altars: false
     0 | D:1      | 0 ||| qw: Do Orc after clearing Dungeon:15 true
     0 | D:1      | 0 ||| qw: Do second Lair branch before Depths: true
     0 | D:1      | 0 ||| qw: Lair rune preference: random
     0 | D:1      | 0 ||| qw: Goals: Normal
     0 | D:1      | 0 ||| PLANNING D:1-11
   163 | D:1      | Reached XP level 2. HP: 23/23 MP: 0/0
   238 | D:1      | Found a faded altar of an unknown god.
   394 | D:1      | Reached skill level 4 in Ranged Weapons
   394 | D:1      | Reached XP level 3. HP: 28/28 MP: 0/0
   394 | D:1      | Learned a level 1 spell: Freeze
   577 | D:1      | 577 ||| READING scroll labelled AMAAKY OGAJOL.
   577 | D:1      | 577 ||| IDENTIFYING blue potion
   578 | D:1      | 578 ||| READING scroll labelled YHUTTE IZEXAKU.
   579 | D:1      | 579 ||| DROPPING scroll of butterflies.
   913 | D:2      | Reached XP level 4. HP: 34/34 MP: 0/0
   930 | D:2      | Reached skill level 3 in Fighting
  1111 | D:2      | 1111 ||| UPGRADING to +0 pair of gloves.
  1116 | D:2      | 1116 ||| READING scroll labelled LAPPIXIESH.
  1120 | D:2      | 1120 ||| READING 2 scrolls labelled EWNECZ RIMELA.
  1221 | D:2      | 1221 ||| READING scroll labelled ZIMIVUY ZIFIL.
  1222 | D:2      | 1222 ||| READING scroll labelled GICREX SAAX.
  1222 | D:2      | 1222 ||| ENCHANTING +0 shortbow.
  1223 | D:2      | 1223 ||| DRINKING 2 emerald potions.
  1224 | D:2      | 1224 ||| DRINKING 2 fuming amethyst potions.
  1225 | D:2      | 1225 ||| DROPPING potion of magic.
  1226 | D:2      | 1226 ||| DROPPING potion of attraction.
  1227 | D:2      | 1227 ||| DROPPING scroll of vulnerability.
  1360 | D:3      | 1360 ||| FLEEEEING.
  1361 | D:3      | 1361 ||| FLEEEEING.
  1362 | D:3      | 1362 ||| FLEEEEING.
  1363 | D:3      | 1363 ||| FLEEEEING.
  1374 | D:3      | Reached skill level 3 in Dodging
  1475 | D:3      | Found a sparkling altar of Nemelex Xobeh.
  1528 | D:3      | Noticed qw's ghost (amateur DjHu)
  1541 | D:3      | Found a runed translucent gate.
  1541 | D:3      | Found a runed translucent gate.
  1603 | D:3      | Reached XP level 5. HP: 40/40 MP: 0/0
  1603 | D:3      | Learned a level 2 spell: Blink
  1798 | D:3      | 1798 ||| FLEEEEING.
  1799 | D:3      | 1799 ||| FLEEEEING.
  1800 | D:3      | 1800 ||| FLEEEEING.
  1801 | D:3      | 1801 ||| FLEEEEING.
  1802 | D:3      | 1802 ||| FLEEEEING.
  1803 | D:3      | 1803 ||| FLEEEEING.
  1804 | D:3      | 1804 ||| FLEEEEING.
  1805 | D:3      | 1805 ||| FLEEEEING.
  1806 | D:3      | 1806 ||| FLEEEEING.
  1807 | D:3      | 1807 ||| FLEEEEING.
  1808 | D:3      | 1808 ||| FLEEEEING.
  1809 | D:3      | 1809 ||| FLEEEEING.
  1810 | D:3      | 1810 ||| FLEEEEING.
  1812 | D:3      | 1812 ||| FLEEEEING.
  1815 | D:3      | 1815 ||| FLEEEEING.
  1818 | D:3      | 1818 ||| FLEEEEING.
  1820 | D:3      | 1820 ||| FLEEEEING.
  1821 | D:3      | 1821 ||| STAIRDANCE
  1869 | D:2      | 1869 ||| UPGRADING to +0 ring mail.
  1879 | D:2      | 1879 ||| DROPPING +0 leather armour.
  1931 | D:3      | Reached skill level 1 in Armour
  2052 | D:3      | 2052 ||| FLEEEEING.
  2053 | D:3      | 2053 ||| FLEEEEING.
  2054 | D:3      | 2054 ||| FLEEEEING.
  2055 | D:3      | 2055 ||| FLEEEEING.
  2056 | D:3      | 2056 ||| FLEEEEING.
  2057 | D:3      | 2057 ||| FLEEEEING.
  2058 | D:3      | 2058 ||| FLEEEEING.
  2059 | D:3      | 2059 ||| FLEEEEING.
  2060 | D:3      | 2060 ||| FLEEEEING.
  2061 | D:3      | 2061 ||| FLEEEEING.
  2062 | D:3      | 2062 ||| FLEEEEING.
  2063 | D:3      | 2063 ||| FLEEEEING.
  2064 | D:3      | 2064 ||| FLEEEEING.
  2065 | D:3      | 2065 ||| FLEEEEING.
  2066 | D:3      | 2066 ||| FLEEEEING.
  2068 | D:3      | 2068 ||| FLEEEEING.
  2069 | D:3      | 2069 ||| FLEEEEING.
  2070 | D:3      | 2070 ||| FLEEEEING.
  2073 | D:3      | 2073 ||| FLEEEEING.
  2074 | D:3      | 2074 ||| FLEEEEING.
  2075 | D:3      | 2075 ||| FLEEEEING.
  2076 | D:3      | 2076 ||| FLEEEEING.
  2078 | D:3      | 2078 ||| FLEEEEING.
  2132 | D:3      | 2132 ||| FLEEEEING.
  2133 | D:3      | 2133 ||| FLEEEEING.
  2134 | D:3      | 2134 ||| FLEEEEING.
  2135 | D:3      | 2135 ||| FLEEEEING.
  2153 | D:3      | HP: 10/40 [gnoll/+0 flail (4)]
  2154 | D:3      | 2154 ||| READING scroll of teleportation.
  2154 | D:3      | HP: 4/40 [gnoll/+0 flail (2)]
  2156 | D:3      | HP: 1/40 [gnoll/+0 flail (1)]
  2156 | D:3      | Slain by a gnoll

Levels and vault maps discovered:
D:1:      amcnicky_arrival_double_pillar, layout_basic,
          hellmonk_ecumenical_altar_blasted
D:2:      cheibrodos_greedy_goblins, layout_rooms
D:3:      minmay_goblin_kobold_castle, layout_basic, nemelex_altar_shiori,
          gammafunk_ghost_split

Skill      XL: |  1  2  3  4  5 |
---------------+----------------+-----
Ranged Weapons | 4 |  4.5
Fighting       | 3 |  3.0
Dodging        | 3 |  3.1
Armour         | 1 |  1.0
Stealth        | |  0.7

Action                     |  1- 3 |  4- 6 || total
---------------------------+-------+-------++-------
   Fire: Shortbow          |    87 |   156 ||   243
    Use: Scroll            |     2 |     5 ||     7
         Potion            |       |     2 ||     2
 Armour: Leather armour    |     8 |    27 ||    35
         Ring mail         |       |    66 ||    66
  Dodge: Dodged            |    10 |    73 ||    83

Table legend:
 A = Non-vault XP
 B = Vault XP
 C = Vault XP percentage of total XP
 D = Non-vault monster count
 E = Vault monster count
 F = Vault count percentage of total count
                 A         B        C        D         E       F
            +---------+---------+-------+---------+---------+-------
      Total |     122 |      99 |  44.8 |      62 |      41 |  39.8
            +---------+---------+-------+---------+---------+-------
        D:1 |      38 |       0 |   0.0 |      22 |       0 |   0.0
        D:2 |      38 |      17 |  30.9 |      24 |       9 |  27.3
        D:3 |      46 |      82 |  64.1 |      16 |      32 |  66.7
            +---------+---------+-------+---------+---------+-------
